 Dungeon Crawl Stone Soup version 0.29.0-4-gdea44cf6ec (webtiles) character file.

Game seed: 16680855310799936689

31 qw the Chopper (level 3, 0/21 HPs)
             Began as a Tengu Warper on Aug 28, 2022.
             Succumbed to their own poison gas
             ... on level 1 of the Dungeon.
             The game lasted 00:00:07 (1587 turns).

qw the Chopper (Tengu Warper)                       Turns: 1587, Time: 00:00:08

Health: 0/21       AC:  4    Str: 13    XL:     3   Next: 22%
Magic:  7/7        EV: 12    Int: 13    God:
Gold:   93         SH:  0    Dex: 13    Spells: 6/6 levels left

rFire   . . .      SeeInvis .   Y - +0 hand axe
rCold   . . .      Faith    .   (no shield)
rNeg    . . .      Spirit   .   b - +0 leather armour
rPois   .          Reflect  .   (helmet restricted)
rElec   .          Harm     .   e - +0 cloak
rCorr   .          Rampage  .   (no gloves)
Will    .....                   (boots unavailable)
Stlth   +.........              (no amulet)
HPRegen 0.07/turn               (no ring)
MPRegen 0.10/turn               (no ring)

@: lethally poisoned (0 -> -1)
A: beak, talons 3
a: no special abilities


You were on level 1 of the Dungeon.
You visited 1 branch of the dungeon, and saw 1 of its levels.

You collected 93 gold pieces.


Innate Abilities, Weirdness & Mutations

You have a beak for a mouth.
You have claws for feet.


   Skills:
 - Level 2.0 Fighting
 + Level 4.0 Axes
 - Level 1.0 Throwing
 - Level 1.1 Armour
 - Level 2.1 Dodging
 - Level 2.0 Spellcasting
 - Level 2.4 Translocations


You had 6 spell levels left.
You didn't know any spells.
Your spell library contained the following spells:

 Spells                   Type           Power      Damage    Failure   Level
 Blink                    Tloc           14%        N/A       19%         2
 Gell's Gravitas          Tloc           7%         N/A       36%         3
 Lesser Beckoning         Tloc           7%         N/A       36%         3
 Teleport Other           Tloc           7%         N/A       36%         3
 Manifold Assault         Tloc           7%         N/A       98%         5

Inventory:

Hand Weapons
 g - a +0 mace
 Y - a +0 hand axe (weapon)
Armour
 b - a +0 leather armour (worn)
 e - a +0 cloak (worn)
Scrolls
 a - a scroll of identify
Potions
 d - a potion of might {unknown}
 h - a potion of invisibility {unknown}

Dungeon Overview and Level Annotations

Branches:
Dungeon (1/15)

Altars:

Shops:
D:1 [


Message History

Done exploring.
1575 ||| READING 2 scrolls labelled KIVINT HOGIVO.
The air fills with toxic fumes!
As you read the scroll labelled KIVINT HOGIVO, it crumbles to dust.
It was a scroll of poison.
Done exploring.
1576 ||| DROPPING scroll of blinking.
You drop a scroll of blinking.
Done exploring.
1577 ||| DROPPING scroll of poison.
You drop a scroll of poison.
Done exploring.
(D) Dungeon
Where to? (* - list waypoints, ? - help)
What level of the Dungeon? (default 1, ? - help) Sorry, I don't know how to get there.
Done exploring.
1578 ||| Stepping randomly (stuck).
Really walk into that cloud of poison gas?
You are engulfed in poison gas.
You are lethally poisoned!
You feel very sick.
1579 ||| Stepping ~*~*~tactically~*~*~ (cloud).
You feel very sick.
Things that are here:
a scroll of poison; a scroll of blinking
There is a lethal amount of poison in your body!
You feel very sick.
There is a lethal amount of poison in your body!
You feel sick.
There is a lethal amount of poison in your body!
You feel sick.
There is a lethal amount of poison in your body!
You feel sick.
There is a lethal amount of poison in your body!
You feel sick.
There is a lethal amount of poison in your body!
You feel sick.
There is a lethal amount of poison in your body!
You feel sick.
There is a lethal amount of poison in your body!
You die...

#.# #.#...........##.#.
#.# #.###..#0.#.#....#.
#.# #......0..#.#.####.
#.#########¤0#..#.#.# #.
##.......¤#.0..0.....####%
#........0.¤..0#..........
##.######0#0.#0###.######.
#.#00.00.0¤..¤0..........
#.#.####@.¤0#.#.#........
#.#.....0.¤00¤0.#########
#.######.0#¤00¤.# #.....
#.# #.0¤.00..####.####
##.######.###.¤0......####
#........0................
#########00...############
#.###.# ### ###


There were no monsters in sight!

Vanquished Creatures
  A dart slug (D:1)
  2 bats (D:1)
  2 endoplasms (D:1)
  3 giant cockroaches (D:1)
  4 goblins (D:1)
  A hobgoblin (D:1)
  3 kobolds (D:1)
  2 quokkas (D:1)
  A ball python (D:1)
  3 frilled lizards (D:1)
  4 rats (D:1)
26 creatures vanquished.

Notes
Turn   | Place    | Note
-------+----------+-------------------------------------------
     0 | D:1      | qw the Tengu Warper began the quest for the Orb.
     0 | D:1      | Reached XP level 1. HP: 12/12 MP: 4/4
     0 | D:1      | 0 ||| qw: Version: 0.1-a-89-g26bdef1
     0 | D:1      | 0 ||| qw: Game counter: 2932
     0 | D:1      | 0 ||| qw: Always use a shield: true
     0 | D:1      | 0 ||| qw: God list: Okawaru
     0 | D:1      | 0 ||| qw: Allow faded altars: false
     0 | D:1      | 0 ||| qw: Do Orc after D:15 true
     0 | D:1      | 0 ||| qw: Do second Lair branch before Depths: true
     0 | D:1      | 0 ||| qw: Lair rune preference: random
     0 | D:1      | 0 ||| qw: Plans: Normal
     0 | D:1      | 0 ||| PLANNING D:1-11
   340 | D:1      | Reached skill level 3 in Axes
   340 | D:1      | Reached XP level 2. HP: 17/17 MP: 6/6
   370 | D:1      | Found a faded altar of an unknown god.
   376 | D:1      | 376 ||| Stepping ~*~*~tactically~*~*~ (stealth).
   378 | D:1      | 378 ||| Stepping ~*~*~tactically~*~*~ (stealth).
   461 | D:1      | Found Wiczir's Antique Armour Emporium.
   484 | D:1      | 484 ||| SHOPLISTING glowing chain mail (180 gold, have 55).
   484 | D:1      | 484 ||| SHOPLISTING pair of jewelled gloves (228 gold, have
                  | 55).
   484 | D:1      | 484 ||| SHOPLISTING plate armour (552 gold, have 55).
   484 | D:1      | 484 ||| SHOPLISTING ring mail (96 gold, have 55).
   484 | D:1      | 484 ||| SHOPLISTING runed leather armour (120 gold, have
                  | 55).
   484 | D:1      | 484 ||| SHOPLISTING steaming robe (136 gold, have 55).
   629 | D:1      | 629 ||| DROPPING +0 club.
  1096 | D:1      | 1096 ||| Stepping ~*~*~tactically~*~*~ (hiding).
  1107 | D:1      | Reached XP level 3. HP: 18/21 MP: 7/7
  1469 | D:1      | Reached skill level 4 in Axes
  1569 | D:1      | 1569 ||| UPGRADING to +0 cloak.
  1574 | D:1      | 1574 ||| READING 2 scrolls labelled LIMICZ MAUDAUL.
  1575 | D:1      | 1575 ||| READING 2 scrolls labelled KIVINT HOGIVO.
  1576 | D:1      | 1576 ||| DROPPING scroll of blinking.
  1577 | D:1      | 1577 ||| DROPPING scroll of poison.
  1578 | D:1      | 1578 ||| Stepping randomly (stuck).
  1579 | D:1      | 1579 ||| Stepping ~*~*~tactically~*~*~ (cloud).
  1583 | D:1      | HP: 4/21 [poisoned by you (poison gas)]
  1586 | D:1      | HP: 1/21 [poisoned by you (poison gas)]
  1587 | D:1      | Succumbed to their own poison gas

Levels and vault maps discovered:
D:1:      evilmike_arrival_rings, layout_basic,
          chequers_ecumenical_altar_simple, serial_shops,
          nicolae_shop_statue_plus

Skill      XL: |  1  2  3 |
---------------+----------+-----
Axes           | 3 4 |  4.0
Fighting       | |  2.0
Throwing       | |  1.0
Armour         | |  1.1
Dodging        | |  2.1
Spellcasting   | |  2.0
Translocations | |  2.4

Action                   || total
-------------------------++-------
Melee: Hand axe          ||    59
       Peck              ||     8
       Kick              ||    10
       Punch             ||     1
Throw: Boomerang         ||     7
  Use: Scroll            ||     2
Armor: Leather armour    ||    17
Dodge: Dodged            ||    30

Table legend:
 A = Non-vault XP
 B = Vault XP
 C = Vault XP percentage of total XP
 D = Non-vault monster count
 E = Vault monster count
 F = Vault count percentage of total count
                 A         B        C        D         E       F
            +---------+---------+-------+---------+---------+-------
      Total |      45 |       0 |   0.0 |      26 |       0 |   0.0
            +---------+---------+-------+---------+---------+-------
        D:1 |      45 |       0 |   0.0 |      26 |       0 |   0.0
            +---------+---------+-------+---------+---------+-------
